 Dungeon Crawl Stone Soup version 0.26.1-2-gb8aa6d0cf2 (webtiles) character file.

Game seed: 4365229086894394564

968 Gadfly the Skirmisher (level 8, 0/79 HPs)
             Began as an Ogre Monk on Feb 11, 2021.
             Was a Believer of Okawaru.
             Slain by an orc warrior
             ... wielding a +0 short sword
              (16 damage)
             ... on level 5 of the Dungeon.
             The game lasted 00:07:18 (6186 turns).

Gadfly the Skirmisher (Ogre Monk)                   Turns: 6186, Time: 00:07:19

Health: 0/79       AC:  5    Str: 20    XL:     8   Next: 15%
Magic:  11/11      EV: 10    Int: 13    God:    Okawaru [**....]
Gold:   184        SH:  0    Dex: 11    Spells: 7/7 levels left

rFire    . . .     SeeInvis .   a - +2 whip (elec)
rCold    . . .     Faith    .   (no shield)
rNeg     . . .     Spirit   .   g - +0 robe
rPois    .         Reflect  .   (helmet restricted)
rElec    .         Harm     .   r - +1 cloak
rCorr    .         Rampage  .   (gloves unavailable)
Will     .....                  (boots unavailable)
Stlth    +.........             s - amulet of regeneration
HPRegen  0.63/turn              (no ring)
MPRegen  0.12/turn              (no ring)

@: no status effects
A: large, unfitting armour, hooves 1, clever 1, strong 1, tough skin 1
a: Renounce Religion, Heroism


You were on level 5 of the Dungeon.
You worshipped Okawaru.
Okawaru was pleased with you.
You visited 1 branch of the dungeon, and saw 6 of its levels.

You collected 184 gold pieces.

Inventory:

Hand Weapons
 a - a +2 whip of electrocution (weapon)
 b - a +2 hand axe of venom
 h - a +0 war axe of freezing
 q - a +4 quarterstaff of chaos
Missiles
 m - 8 boomerangs (quivered)
Armour
 g - a +0 robe (worn)
 r - a +1 cloak (worn)
Jewellery
 s - an amulet of regeneration (around neck)
Scrolls
 c - 4 scrolls of remove curse
 f - 3 scrolls of teleportation
Potions
 j - a potion of lignification
 k - a potion of flight {unknown}
 l - a potion of berserk rage {unknown}
 n - a potion of resistance
 p - a potion of mutation
 t - a potion of ambrosia
 u - a potion of degeneration {unknown}
 v - a potion of curing


   Skills:
 + Level 4.4 Fighting
 * Level 4.1 Maces & Flails
 * Level 3.9 Throwing
 * Level 3.2 Armour
 - Level 2.6 Dodging
 - Level 1.4 Stealth
 + Level 4.0 Invocations
 * Level 3.2 Evocations


You had 7 spell levels left.
You didn't know any spells.
Your spell library contained the following spells:

 Spells                   Type           Power        Failure   Level
 Corona                   Hex            0%           30%         1
 Ensorcelled Hibernation  Hex/Ice        0%           43%         2
 Confusing Touch          Hex            0%           67%         3
 Dazzling Flash           Conj/Hex       0%           67%         3
 Gell's Gravitas          Tloc           0%           67%         3
 Tukima's Dance           Hex            0%           67%         3
 Petrify                  Tmut/Erth      0%           97%         4
 Metabolic Englaciation   Hex/Ice        0%           100%        5
 Yara's Violent Unravell  Hex/Tmut       0%           100%        5


Dungeon Overview and Level Annotations

Branches:
Dungeon (6/15)             Temple (0/1) D:4

Altars:
Cheibriados
Dithmenos
Elyvilon
Okawaru
Qazlal
Ru
Zin


Innate Abilities, Weirdness & Mutations

You are too large for most types of armour.
You have tough skin. (AC +1)
You have large cloven feet.
Your mind is acute. (Int +2)
Your muscles are strong. (Str +2)


Message History

You are too injured to fight recklessly!
You hit the orc warrior. Your kick misses the orc warrior.
The orc warrior is severely wounded.
The orc warrior hits you with a +0 short sword.
You closely miss the orc warrior.
The orc warrior is severely wounded.
The orc warrior hits you with a +0 short sword.
You hit the orc warrior but do no damage.
You kick the orc warrior.
The orc warrior is almost dead.
The orc warrior hits you with a +0 short sword!
* * * LOW HITPOINT WARNING * * *
You barely miss the orc warrior.
The orc warrior is almost dead.
The orc warrior hits you with a +0 short sword.
* * * LOW HITPOINT WARNING * * *
You hit the orc warrior.
The orc warrior is almost dead.
The orc warrior hits you with a +0 short sword!
You die...

#.##.##.≈≈#≈≈.##.#
#.##.##.≈≈#≈≈.##.##
#.##.###≈≈#≈≈))(...
#....# #≈≈≈≈)###.##
#..### #≈###≈# #...
#..# #≈≈≈≈≈# ####
#..# ##...##
#..######.#.#######
#.@.......#........
#o#################
#..................
#############.#####
###


You could see an orc warrior.

Vanquished Creatures
  A phantom (D:4)
  A sky beast (D:5)
  2 ogres (D:5)
  2 centaurs (D:5)
  A scorpion (D:5)
  A howler monkey (D:4)
  A hound (D:5)
  4 orc priests
  Crazy Yiuf (D:3)
  A centaur skeleton (D:5)
  A jelly (D:5)
  A hound zombie (D:5)
  A hound skeleton (D:4)
  4 adders
  A white imp (D:5)
  3 leopard geckos
  13 orcs
  6 giant cockroaches
  7 goblins
  4 hobgoblins
  2 jackals (D:2)
  8 bats
  2 frilled lizards (D:1)
  7 kobolds
  7 rats
82 creatures vanquished.

Notes
Turn   | Place    | Note
-------+----------+-------------------------------------------
     0 | D:1      | Gadfly the Ogre Monk began the quest for the Orb.
     0 | D:1      | Reached XP level 1. HP: 24/24 MP: 1/1
   328 | D:1      | Reached XP level 2. HP: 28/32 MP: 2/2
   712 | D:1      | Reached skill level 1 in Throwing
   712 | D:1      | Reached XP level 3. HP: 35/39 MP: 3/3
   715 | D:1      | Reached skill level 1 in Invocations
  1195 | D:2      | Reached skill level 1 in Armour
  1425 | D:2      | Found a sacrificial altar of Ru.
  1887 | D:2      | Reached skill level 1 in Evocations
  1887 | D:2      | Reached XP level 4. HP: 48/48 MP: 5/5
  2364 | D:3      | Found a white marble altar of Elyvilon.
  2620 | D:3      | Reached XP level 5. HP: 17/54 MP: 6/6
  2902 | D:3      | Found a snail-covered altar of Cheibriados.
  3143 | D:3      | Found a shadowy altar of Dithmenos.
  3148 | D:3      | Found a glowing silver altar of Zin.
  3261 | D:3      | Found a stormy altar of Qazlal.
  3342 | D:3      | Found a runed translucent door.
  3343 | D:3      | Noticed Crazy Yiuf
  3638 | D:3      | Killed Crazy Yiuf
  4007 | D:4      | Reached XP level 6. HP: 62/62 MP: 7/7
  4432 | D:4      | Noticed a phantom
  4455 | D:4      | Killed a phantom
  4576 | D:4      | Found an iron altar of Okawaru.
  4641 | D:4      | Became a worshipper of Warmaster Okawaru
  4641 | D:4      | Reached * piety under Okawaru
  4641 | D:4      | Reached ** piety under Okawaru
  4659 | D:4      | Found a staircase to the Ecumenical Temple.
  4803 | D:4      | Gained mutation: You have a pair of small horns on your
                  | head. [potion of mutation]
  4803 | D:4      | Gained mutation: You have large cloven feet. [potion of
                  | mutation]
  4844 | D:5      | Entered Level 5 of the Dungeon
  4858 | D:5      | Reached XP level 7. HP: 60/70 MP: 9/9
  5618 | D:5      | Reached *** piety under Okawaru
  5619 | D:5      | Reached XP level 8. HP: 74/78 MP: 10/10
  5619 | D:5      | Lost mutation: You have large cloven feet. [potion of
                  | mutation]
  5619 | D:5      | Lost mutation: You have a pair of small horns on your head.
                  | [potion of mutation]
  5619 | D:5      | Gained mutation: You have large cloven feet. [potion of
                  | mutation]
  5619 | D:5      | Gained mutation: Your mind is acute. (Int +2) [potion of
                  | mutation]
  5619 | D:5      | Gained mutation: Your muscles are strong. (Str +2) [potion
                  | of mutation]
  6186 | D:5      | Slain by an orc warrior

Illustrated notes

Levels and vault maps discovered:
D:1:      dpeg_arrival_triangle_fractal, layout_basic
D:2:      layout_rooms, lemuel_doored_altar, minmay_randomly_rotated_circles
D:3:      layout_loops_cross, elyvilon_altar_5, grunt_dithmenos_smoke,
          cheibriados_altar_1, overflow_temple_1_default,
          minmay_strange_pillars, nicolae_qazlal_eye_of_the_storm,
          uniq_crazy_yiuf_cottage
D:4:      layout_basic, kennysheep_mini_moat, temple_fountains
D:5:      layout_basic, minmay_crystal_water,
          hangedman_abyss_or_decor_lesser_grid
D:6:      minmay_angry_zag, layout_rooms, serial_corexii_hall,
          corexii_hall_statues_l, chequers_hall_statues_y,
          corexii_hall_statues_i, chequers_hall_statues_wall_a,
          chequers_hall_statues_corner_a, chequers_hall_statues_corner_a,
          st_stairs_4, uniq_grinder

Skill      XL: |  1  2  3  4  5  6  7  8 |
---------------+-------------------------+-----
Throwing       | 1 2 3 |  3.9
Invocations    | 1 2 3 4 |  4.0
Armour         | 1 2 3 |  3.2
Maces & Flails | 3 4 |  4.1
Evocations     | 1 2 3 |  3.2
Fighting       | |  4.4
Dodging        | |  2.6
Stealth        | |  1.4

Action                   |  1- 3 |  4- 6 |  7- 9 || total
-------------------------+-------+-------+-------++-------
Melee: Mace              |    28 |       |       ||    28
       Hand axe          |    27 |       |     4 ||    31
       Whip              |    39 |   104 |    52 ||   195
       Kick              |       |     2 |    22 ||    24
       Headbutt          |       |     1 |     4 ||     5
Throw: Stone             |     5 |       |       ||     5
       Boomerang         |       |       |     7 ||     7
  Use: Scroll            |     3 |    10 |     3 ||    16
       Potion            |     1 |     2 |     1 ||     4
 Stab: Sleeping          |     3 |       |       ||     3
Armor: Robe              |    16 |    17 |    10 ||    43
Dodge: Dodged            |    69 |    36 |    12 ||   117
Block: Other             |       |    24 |     6 ||    30
       Reflection        |       |     2 |     1 ||     3
